 Dungeon Crawl Stone Soup version 0.18.1-50-g88ac8fd (webtiles) character file.

1871 Neder the Cleaver (level 8, -7/58 HPs)
             Began as a Demonspawn Fighter on Oct 29, 2016.
             Mangled by an orc warrior
             ... wielding a +0 hand axe
              (9 damage)
             ... on level 6 of the Dungeon.
             The game lasted 00:11:44 (6529 turns).

Neder the Cleaver (Demonspawn Fighter)              Turns: 6529, Time: 00:11:44

Health: -7/58      AC: 11    Str: 19    XL:     8   Next: 90%
Magic:  0/8        EV:  5    Int: 12    God:
Gold:   373        SH:  0    Dex: 12    Spells: 0 memorised, 7 levels left

rFire  . . .     SeeInvis .     a - +0 war axe
rCold  . . .     Gourm    .     j - +0 plate armour
rNeg   . . .     Faith    .     (no shield)
rPois  .         Spirit   +     (no helmet)
rElec  .         Dismiss  .     (no cloak)
rCorr  .         Reflect  .     (no gloves)
SustAt .         Harm     .     (no boots)
MR     .....                    (no amulet)
Stlth  ..........               (no ring)
                                k - +2 ring of intelligence

@: not resistant to hostile enchantments, extremely unstealthy
A: talons 2, magic shield, magic regeneration
a: no special abilities


You were on level 6 of the Dungeon.
You were not hungry.

You visited 1 branch of the dungeon, and saw 6 of its levels.
You also visited: Sewer.

You collected 373 gold pieces.

Inventory:

Hand Weapons
 a - a +0 war axe (weapon)
Armour
 b - a +0 scale mail
 j - a +0 plate armour (worn)
Jewellery
 k - a +2 ring of intelligence (left hand)
 A - the ring "Qiun" {*Confuse rF+++ MR+ Dex-2 Stlth+, unknown}
   (You found it on level 4 of the Dungeon)

   [ring of protection from magic]

   It affects your dexterity (-2).
   It renders you almost immune to fire.
   It affects your resistance to hostile enchantments.
   It may confuse you when you take damage.
   It makes you more stealthy.
 B - an uncursed amulet of dismissal {unknown}
 C - an uncursed ring of wizardry {unknown}
Wands
 u - a wand of lightning (4/15)
Scrolls
 e - 2 scrolls of teleportation
 i - 3 scrolls of enchant armour {unknown}
 l - 2 scrolls of noise {unknown}
 m - a scroll of random uselessness {unknown}
 o - a scroll of amnesia {unknown}
 p - 2 scrolls of magic mapping {unknown}
 q - 2 scrolls of blinking {unknown}
 r - 2 scrolls of remove curse {unknown}
 y - 4 scrolls of identify
 D - a scroll of acquirement {unknown}
Potions
 c - 5 potions of curing
 d - 2 potions of cancellation
 n - 3 potions of mutation
 t - 5 potions of flight
 x - a potion of brilliance
Books
 h - a book of Annihilations

   Spells                             Type                      Level
   a - Poison Arrow                   Conjuration/Poison           6
   b - Chain Lightning                Conjuration/Air              8
   c - Lehudib's Crystal Spear        Conjuration/Earth            8
   d - Glaciate                       Conjuration/Ice              9
   e - Fire Storm                     Conjuration/Fire             9
 s - a book of Summonings

   Spells                             Type                      Level
   a - Recall                         Summoning/Translocation      3
   b - Aura of Abjuration             Summoning                    5
   c - Summon Demon                   Summoning                    5
   d - Summon Forest                  Summoning/Translocation      5
   e - Summon Mana Viper              Hexes/Summoning              5
   f - Shadow Creatures               Summoning                    6
 w - a book of Cantrips

   Spells                             Type                      Level
   a - Corona                         Hexes                        1
   b - Animate Skeleton               Necromancy                   1
   c - Summon Small Mammal            Summoning                    1
   d - Apportation                    Translocation                1
Comestibles
 f - 2 bread rations
 g - 3 meat rations
 v - 2 chunks of flesh
 E - 2 beef jerkies


   Skills:
 - Level 3.0 Fighting
 + Level 10.7 Axes
 - Level 2.6 Armour
   Level 2.6 Shields


You had 7 spell levels left.
You didn't know any spells.

Dungeon Overview and Level Annotations

Branches:
Dungeon (6/15)             Temple (0/1) D:5

Altars:
Cheibriados
Dithmenos
Gozag
Ru


Innate Abilities, Weirdness & Mutations

You have razor-sharp toenails.
When hurt, damage is shared between your health and your magic reserves.
You regenerate magic rapidly.


Message History

The orc warrior is heavily wounded.
The orc warrior hits you with a hand axe!
* * * LOW HITPOINT WARNING * * *
You are too injured to fight recklessly!
You slash the orc warrior! Your kick misses the orc warrior.
The orc warrior is severely wounded.
Your plate armour prevents you from hitting the orc warrior.
Your kick misses the orc warrior.
The orc warrior is severely wounded.
The orc warrior hits you with a hand axe!
* * * LOW HITPOINT WARNING * * *
You closely miss the orc warrior.
The orc warrior is severely wounded.
The orc warrior hits you with a hand axe!
* * * LOW HITPOINT WARNING * * *
You hit the orc warrior but do no damage.
You claw the orc warrior, but do no damage.
The orc warrior is severely wounded.
The orc warrior hits you with a hand axe!
You die...

#.........#........).......)
#####............#..............
##.....#.......<#................
...........#######.#.............
...................#..........#.#
..#...#..###########...#.#.......
. #................#.......##.#.#
#...#....#######.####.....#....
##...#....÷....@.............#.#
.....#.....#####o...............
......#.....# #..................
###.........###)##(..............
###.....†.....).#..............
#........####.#..............
#.......## #..#########....>
###..#### ##............... ....#
###########.....


You could see an orc warrior.

Vanquished Creatures
  Pikel (D:5)
  A slave (D:5)
  A black bear (D:6)
  2 ogres
  A sky beast (D:5)
  A phantom (D:3)
  2 centaurs (D:5)
  A giant frog (D:6)
  2 hounds (D:6)
  A jelly (D:5)
  An orc priest (D:6)
  3 orc wizards (D:5)
  Jessica (D:2)
  An iguana (D:6)
  Natasha (thrice) (D:2)
  5 worker ants (D:4)
  A hound zombie (D:5)
  A worker ant zombie (D:3)
  A howler monkey skeleton (D:5)
  10 adders
  3 river rats
  7 oozes
  An adder skeleton (D:4)
  An adder zombie (D:6)
  7 worms
  4 dart slugs
  2 giant geckos (D:5)
  11 orcs
  3 ball pythons
  5 giant cockroaches
  5 goblins
  14 hobgoblins
  8 jackals
  A quokka (D:2)
  7 bats
  A giant cockroach zombie (D:5)
  2 giant gecko skeletons (D:4)
  2 giant gecko zombies (D:6)
  4 giant newts
  2 jackal skeletons (D:4)
  16 kobolds
  9 rats
155 creatures vanquished.

Vanquished Creatures (others)
  2 orcs (D:5)
2 creatures vanquished.

Grand Total: 157 creatures vanquished

Notes
Turn   | Place    | Note
--------------------------------------------------------------
     0 | D:1      | Neder the Demonspawn Fighter began the quest for the Orb.
     0 | D:1      | Reached XP level 1. HP: 18/18 MP: 1/1
    13 | D:1      | Reached skill level 2 in Axes
   108 | D:1      | Gained mutation: You have sharp toenails. [demonic ancestry]
   108 | D:1      | Reached XP level 2. HP: 15/24 MP: 2/2
   515 | D:1      | Reached skill level 3 in Axes
   782 | D:1      | Gained mutation: When hurt, damage is shared between your health and your magic reserves. [demonic ancestry]
   782 | D:1      | Reached XP level 3. HP: 29/29 MP: 3/3
  1238 | D:2      | Reached XP level 4. HP: 27/35 MP: 1/4
  1295 | D:2      | Reached skill level 4 in Axes
  1310 | D:2      | Noticed Jessica
  1317 | D:2      | Killed Jessica
  1612 | D:2      | Noticed Natasha
  1622 | D:2      | Killed Natasha
  1623 | D:2      | Reached XP level 5. HP: 30/41 MP: 2/5
  1775 | D:2      | Found a snail-covered altar of Cheibriados.
  1859 | D:2      | Noticed Natasha
  1871 | D:2      | Killed Natasha
  1871 | D:2      | Reached skill level 5 in Axes
  1882 | D:2      | Noticed Natasha
  1890 | D:2      | Killed Natasha
  2129 | D:3      | Noticed a phantom
  2145 | D:3      | Killed a phantom
  2145 | D:3      | Reached XP level 6. HP: 39/47 MP: 6/6
  2187 | D:3      | Reached skill level 6 in Axes
  2217 | D:3      | Found a shadowy altar of Dithmenos.
  2738 | D:4      | Found a glowing drain.
  2893 | Sewer    | Entered a sewer
  3603 | Sewer    | Reached skill level 7 in Axes
  3603 | Sewer    | Gained mutation: You have razor-sharp toenails. [demonic ancestry]
  3603 | Sewer    | Reached XP level 7. HP: 34/52 MP: 7/7
  3946 | D:4      | Found a sacrificial altar of Ru.
  3997 | D:4      | Got a bound wooden ring
  4272 | D:5      | Entered Level 5 of the Dungeon
  4321 | D:5      | Reached skill level 8 in Axes
  4333 | D:5      | Found a staircase to the Ecumenical Temple.
  4427 | D:5      | Noticed Pikel
  4463 | D:5      | Killed Pikel
  4463 | D:5      | Reached skill level 9 in Axes
  4463 | D:5      | Gained mutation: You regenerate magic rapidly. [demonic ancestry]
  4463 | D:5      | Reached XP level 8. HP: 26/58 MP: 4/8
  4952 | D:5      | Found an opulent altar of Gozag.
  5450 | D:6      | Reached skill level 10 in Axes
  6528 | D:6      | HP: 2/58 [orc warrior/hand axe (7)]
  6529 | D:6      | Mangled by an orc warrior

Skill      XL: |  1  2  3  4  5  6  7  8 |
---------------+-------------------------+-----
Axes           | 2 3 4 5 7 9 10 | 10.7
Fighting       | |  3.0
Armour         | |  2.6
Shields        | |  2.6

Action                   |  1- 3 |  4- 6 |  7- 9 || total
-------------------------+-------+-------+-------++-------
Melee: War axe           |   142 |   283 |   239 ||   664
       Kick              |    39 |    59 |    67 ||   165
  Use: Potion            |     2 |     4 |     8 ||    14
       Scroll            |       |       |     7 ||     7
  Eat: Chunk             |     1 |     4 |     3 ||     8
       Bread ration      |       |     1 |     1 ||     2
       Pizza             |       |     1 |       ||     1
       Beef jerky        |       |     1 |       ||     1
Armor: Scale mail        |    24 |       |       ||    24
       Plate armour      |    94 |   249 |   198 ||   541
Dodge: Dodged            |    41 |    84 |    68 ||   193
Block: Shield            |    11 |       |       ||    11
